 Dungeon Crawl Stone Soup version 0.25-a0-424-g80bd347ae0 (webtiles) character file.

Game seed: 4148869418241618797, levelgen mode: deterministic

7116 Kohma the Cleaver (level 11, -6/97 HPs)
             Began as a Hill Orc Abyssal Knight on Jan 20, 2020.
             Was an Elder of Lugonu.
             Mangled by an orc warrior
             ... wielding a +2 glaive of venom
              (12 damage)
             ... on level 2 of the Orcish Mines.
             The game lasted 00:41:17 (11948 turns).

Kohma the Cleaver (Hill Orc Abyssal Knight)        Turns: 11948, Time: 00:41:17

Health: -6/97      AC: 19    Str: 19    XL:     11   Next: 10%
Magic:  10/20      EV:  7    Int: 12    God:    Lugonu [****..]
Gold:   707        SH:  0    Dex: 10    Spells: 10/10 levels left

rFire    . . .     SeeInvis .   h - +1 battleaxe (vorpal)
rCold    + . .     Gourm    .   (shield currently unavailable)
rNeg     . . .     Faith    .   F - +1 chain mail {rC+}
rPois    .         Spirit   .   v - +2 helmet
rElec    .         Reflect  .   I - +1 cloak
rCorr    +         Harm     .   y - +0 pair of gloves
MR       +....                  m - +0 pair of boots
Stlth    ..........             (no amulet)
HPRegen  0.26/turn              t - ring of resist corrosion
MPRegen  0.17/turn              z - ring of protection from magic

@: lethally poisoned (-6 -> -10)
A: no striking features
a: Depart the Abyss, Bend Space, Banish, Corrupt, Renounce Religion


You were on level 2 of the Orcish Mines.
You worshipped Lugonu.
Lugonu was greatly pleased with you.
You were near starving.

You visited 3 branches of the dungeon, and saw 13 of its levels.
You visited the Abyss 1 time.
You also visited: Bailey.

You collected 707 gold pieces.

Inventory:

Hand Weapons
 a - a +1 executioner's axe of freezing
 b - a +1 hunting sling
 d - the +6 falchion of Linearity {holy, +Blink rC+++ Str+4 Int-5}
   (You found it on level 5 of the Dungeon)

   It has been blessed by the Shining One to cause great damage to the undead
   and demons.
   It affects your strength (+4).
   It affects your intelligence (-5).
   It renders you almost immune to cold.
   It lets you blink.
 h - a +1 vorpal battleaxe (weapon)
Missiles
 k - 33 sling bullets
 r - 13 poisoned darts
 s - 8 javelins (quivered)
Armour
 m - a +0 pair of boots (worn)
 v - a +2 helmet (worn)
 y - a +0 pair of gloves (worn)
 F - a +1 chain mail of cold resistance (worn)
 I - a +1 cloak (worn)
Jewellery
 q - a +3 ring of dexterity
 t - a ring of resist corrosion (left hand)
 z - a ring of protection from magic (right hand)
Wands
 i - a wand of flame (15)
 A - a wand of random effects (25)
Scrolls
 g - 6 scrolls of fear
 n - 5 scrolls of teleportation
 o - 8 scrolls of remove curse
 C - 3 scrolls of enchant armour
 D - a scroll of magic mapping
 G - 2 scrolls of fog
Potions
 e - 4 potions of curing
 f - 3 potions of cancellation
 j - 3 potions of invisibility
 l - a potion of haste {unknown}
 p - a potion of agility
 u - 6 potions of mutation
 w - a potion of lignification {unknown}
 B - a potion of flight
 E - 4 potions of magic {unknown}
Comestibles
 c - 7 rations


   Skills:
 + Level 9.1 Fighting
 * Level 13.8 Axes
 - Level 6.0 Armour
 - Level 0.7 Dodging
 * Level 12.1 Invocations


You had 10 spell levels left.
You didn't know any spells.
Your spell library was empty.

Dungeon Overview and Level Annotations

Branches:
Dungeon (10/15)            Temple (1/1) D:5             Orc (2/2) D:9
    Elf (0/3) Orc:2        Bailey (visited)
   Lair: D:8-11

Altars:
Ashenzari
Cheibriados
Dithmenos
Elyvilon
Fedhas
Gozag
Hepliaklqana
Kikubaaqudgha
Nemelex Xobeh
Okawaru
Qazlal
Ru
Sif Muna
Trog
Uskayaw
Vehumet
Wu Jian
Yredelemnul
Zin
The Shining One
Beogh

Shops:
D:6 (

Annotations:
Orc:2 Rupert
Abyss:1 Harold, Pikel


Message History

Space bends sharply around you!
Rupert blinks!
You blink.
* * * LOW HITPOINT WARNING * * *
You feel very sick. Space bends sharply around you!
You blink.
* * * LOW HITPOINT WARNING * * *
You feel very sick.
You feel better.
The orc warrior hits you from afar with a +2 glaive of venom.
* * * LOW HITPOINT WARNING * * *
You are poisoned.
Press: ? - help, Shift-Dir - straight line, f/p - Rupert
Aim: Rupert, wielding a +0 great sword of holy wrath and wearing a +0 scale mail (heavily wounded, berserk, fast, unusually strong, chance to defeat MR: 26%) Rupert easily resists.
You are near starving!
You can no longer gate yourself to the Abyss.
You feel sick.
Rupert hits you with a +0 great sword of holy wrath!
* * * LOW HITPOINT WARNING * * *
The orc warrior hits you from afar with a +2 glaive of venom!
You die...

*,,,,,**,,,,,,,,,,****,,*,,,,,*
*,,,,,,,......................*
,............................**
*...,.......................##***
**..##......#................##,*
####.#.............#.....^....,,,
.##.........................,**,*
..........................######*
................@.........#..#.##
................@.o.............#
#.........................#..#.##
#.......#.......ยง.............##
...#...##......................#
...#..##.#..........#...#.....##
................#.####......###
......##....#....## #...##.##
......#....#......# ##.#####


You could see Rupert (berserk) and an orc warrior.

Vanquished Creatures
  A cyclops (Orc:2)
  A troll (D:9)
  Grinder (D:4)
  A hippogriff (D:9)
  A water moccasin (D:10)
  2 ice beasts
  A sky beast (D:7)
  8 orc warriors
  2 black bears
  2 phantoms
  5 ogres
  6 centaurs
  A big kobold (D:8)
  4 bullfrogs
  6 killer bees (D:10)
  2 howler monkeys
  2 crimson imps (D:8)
  A centaur skeleton (D:6)
  3 hounds
  2 jellies
  A bullfrog zombie (D:5)
  8 orc priests
  11 orc wizards
  A bullfrog skeleton (D:5)
  3 iguanas
  3 worker ants
  2 hound skeletons
  Robin (D:3)
  13 gnolls (Bailey)
  6 adders
  3 shadow imps
  An ooze (D:5)
  3 adder zombies
  4 worms
  A dart slug (D:1)
  5 leopard geckos
  37 orcs
  2 ball pythons
  6 bats
  8 giant cockroaches
  14 goblins
  19 hobgoblins
  3 jackals (D:7)
  7 quokkas
  6 frilled lizards
  32 kobolds
  A leopard gecko skeleton (D:3)
  2 rats
255 creatures vanquished.

Vanquished Creatures (others)
  An orc warlord (D:9)
  An orc knight (Bailey)
  A slave (D:4)
  An ogre (D:4)
  An orc wizard (D:4)
  A worker ant (D:4)
  An orc (D:4)
  A frilled lizard (D:4)
  A jackal skeleton (D:4)
9 creatures vanquished.

Grand Total: 264 creatures vanquished

Notes
Turn   | Place    | Note
-------+----------+-------------------------------------------
     0 | Abyss:1  | Kohma the Hill Orc Abyssal Knight began the quest for the
                  | Orb.
     0 | Abyss:1  | Reached XP level 1. HP: 19/19 MP: 2/2
    56 | Abyss:1  | Noticed a quasit
    70 | D:1      | Escaped the Abyss
    82 | D:1      | Reached skill level 3 in Axes
   202 | D:1      | Reached XP level 2. HP: 12/26 MP: 3/3
   462 | D:1      | Reached skill level 4 in Axes
   786 | D:1      | Reached XP level 3. HP: 31/31 MP: 4/4
  1119 | D:2      | Reached ** piety under Lugonu
  1365 | D:2      | Reached skill level 5 in Axes
  1846 | D:3      | Found a white marble altar of Elyvilon.
  1929 | D:3      | Reached XP level 4. HP: 39/39 MP: 5/5
  1978 | D:3      | Reached skill level 6 in Axes
  1978 | D:3      | Reached XP level 5. HP: 18/46 MP: 7/7
  2202 | D:3      | Noticed a phantom
  2282 | D:3      | Killed a phantom
  2672 | D:3      | Reached XP level 6. HP: 45/53 MP: 8/8
  2868 | D:3      | Reached skill level 7 in Axes
  2870 | D:3      | Reached *** piety under Lugonu
  2870 | D:3      | Noticed Robin
  2887 | D:3      | Killed Robin
  3304 | D:4      | Found a shimmering blue altar of Sif Muna.
  3311 | D:4      | HP: 2/53 [poisoned by a worker ant]
  3619 | D:4      | Noticed Pikel
  3619 | D:4      | Noticed a slave
  3619 | D:4      | Noticed a slave
  3619 | D:4      | Noticed a slave
  3619 | D:4      | Noticed a slave
  3623 | D:4      | Banished Pikel
  3623 | D:4      | Reached skill level 5 in Fighting
  3623 | D:4      | Reached skill level 8 in Axes
  3623 | D:4      | Reached XP level 7. HP: 61/61 MP: 10/10
  3784 | D:4      | Reached skill level 5 in Invocations
  3887 | D:4      | Noticed Grinder
  4106 | D:4      | Reached skill level 9 in Axes
  4174 | D:4      | Paralysed by Grinder for 6 turns
  4182 | D:4      | Killed Grinder
  4416 | D:4      | Reached skill level 10 in Axes
  4416 | D:4      | Reached XP level 8. HP: 45/68 MP: 11/11
  4779 | D:5      | Entered Level 5 of the Dungeon
  5105 | D:5      | Found a staircase to the Ecumenical Temple.
  5111 | D:5      | Reached skill level 11 in Axes
  5119 | Temple   | Entered the Ecumenical Temple
  5199 | D:5      | Found a glowing golden altar of the Shining One.
  5215 | D:5      | Got an ancient falchion
  5223 | D:5      | Identified the +6 falchion of Linearity {holy, +Blink rC+++
                  | Str+4 Int-5} (You found it on level 5 of the Dungeon)
  5391 | D:5      | Found a glowing silver altar of Zin.
  5851 | D:6      | Found Sodao's Antique Weapon Shop.
  6170 | D:6      | Reached **** piety under Lugonu
  6281 | D:6      | Reached XP level 9. HP: 75/75 MP: 14/14
  6644 | D:7      | Found a flagged portal.
  6671 | Bailey   | Entered a bailey
  7020 | Bailey   | Reached skill level 5 in Armour
  7206 | Bailey   | Noticed an orc knight
  7208 | Bailey   | Banished an orc knight
  7473 | D:7      | Identified a scroll of acquirement
  8143 | D:8      | Noticed Harold
  8150 | D:8      | Banished Harold
  8160 | D:8      | Reached XP level 10. HP: 52/86 MP: 8/17
  8370 | D:8      | You fall into a shaft and drop 2 floors!
  8370 | D:10     | Entered Level 10 of the Dungeon
  8378 | D:10     | Reached skill level 12 in Axes
  8445 | D:10     | Reached skill level 10 in Invocations
  8457 | D:10     | Reached ***** piety under Lugonu
  9036 | D:9      | Found a basalt altar of Yredelemnul.
  9111 | D:9      | Found a staircase to the Orcish Mines.
  9120 | Orc:1    | Entered Level 1 of the Orcish Mines
  9403 | Orc:1    | Noticed an orc warlord
  9727 | D:9      | Banished an orc warlord
  9727 | D:9      | Reached skill level 13 in Axes
 10791 | Orc:1    | Found a roughly hewn altar of Beogh.
 10871 | Orc:2    | Entered Level 2 of the Orcish Mines
 10894 | Orc:2    | Reached XP level 11. HP: 58/95 MP: 19/19
 11358 | Orc:2    | Noticed a cyclops
 11559 | Orc:2    | Killed a cyclops
 11929 | Orc:2    | Noticed Rupert
 11948 | Orc:2    | Mangled by an orc warrior

Levels and vault maps discovered:
D:1:      minmay_arrival_semitransparent, layout_rooms, serial_forest,
          infiniplex_forest_clump_tiny, infiniplex_forest_end_1,
          infiniplex_forest_lined_3, infiniplex_forest_zigzag_1,
          infiniplex_forest_end_2, infiniplex_forest_end_1,
          minmay_misc_feat_enclosed
D:2:      layout_loops_ring, serial_bayou_crossing
D:3:      layout_basic, elyvilon_altar_4, uniq_robin
D:4:      layout_cave_pools, lemuel_crystal_altar, uniq_pikel, uniq_grinder
D:5:      layout_cave_pools, old_standard_altar, minmay_temple_entry_glass,
          first_ration, basic_altar
D:6:      layout_rooms, serial_shops, shop
D:7:      layout_rooms, enter_bailey_3
D:8:      layout_basic, demons_altar, uniq_harold
D:9:      layout_irregular_city, kennysheep_mini,
          nicolae_overflow_crystal_walls, orc_0_dummy,
          gammafunk_ghost_stat_death, guppyfry_early_elven_hall
D:10:     layout_loops_ring
Temple:   nicolae_temple_x_marks_the_god
Orc:1:    layout_caves, basic_altar, uniq_maurice
Orc:2:    grunt_orc_cross, layout_caves, uniq_rupert

Skill      XL: |  1  2  3  4  5  6  7  8  9 10 11 |
---------------+----------------------------------+-----
Axes           | 3 4 5 6 8 10 11 13 | 13.8
Fighting       | 4 5 6 7 8 9 |  9.1
Invocations    | 3 4 5 7 9 11 12 | 12.1
Armour         | 4 5 6 |  6.0
Dodging        | |  0.7

Action                   |  1- 3 |  4- 6 |  7- 9 | 10-12 || total
-------------------------+-------+-------+-------+-------++-------
Melee: Hand axe          |   109 |   178 |       |       ||   287
       Morningstar       |       |     8 |   132 |       ||   140
       Falchion          |       |       |   197 |       ||   197
       Executioner's axe |       |       |    88 |   195 ||   283
       Battleaxe         |       |       |       |     6 ||     6
 Fire: Hunting sling     |       |     3 |       |       ||     3
Throw: Javelin           |       |    13 |    19 |     3 ||    35
Invok: Bend Space        |       |     1 |       |     2 ||     3
       Banish            |       |       |     7 |     3 ||    10
  Use: Potion            |       |     1 |     1 |     4 ||     6
       Scroll            |       |       |    20 |     2 ||    22
  Eat: Chunk             |     3 |     5 |    17 |     6 ||    31
       Ration            |       |       |       |     2 ||     2
Armor: Leather armour    |    49 |     4 |       |       ||    53
       Chain mail        |       |    84 |   406 |   223 ||   713
Dodge: Dodged            |    70 |    48 |   249 |   136 ||   503
       Rpst.: Falchion   |       |       |    38 |       ||    38

Table legend:
 A = Non-vault XP
 B = Vault XP
 C = Vault XP percentage of total XP
 D = Non-vault monster count
 E = Vault monster count
 F = Vault count percentage of total count
                 A         B        C        D         E       F
            +---------+---------+-------+---------+---------+-------
      Total |    8643 |    1523 |  15.0 |     210 |      50 |  19.2
            +---------+---------+-------+---------+---------+-------
        D:1 |      41 |       0 |   0.0 |      21 |       0 |   0.0
        D:2 |      34 |       0 |   0.0 |      13 |       0 |   0.0
        D:3 |     355 |      31 |   8.0 |      41 |       9 |  18.0
        D:4 |     419 |     447 |  51.6 |      17 |       2 |  10.5
        D:5 |     735 |       0 |   0.0 |      25 |       0 |   0.0
        D:6 |     655 |       0 |   0.0 |      16 |       0 |   0.0
        D:7 |     422 |       7 |   1.6 |       9 |       4 |  30.8
        D:8 |     665 |     517 |  43.7 |      15 |       1 |   6.2
        D:9 |    2696 |       0 |   0.0 |      15 |       0 |   0.0
       D:10 |    1096 |       0 |   0.0 |      14 |       0 |   0.0
      Orc:1 |     531 |       0 |   0.0 |       7 |       0 |   0.0
      Orc:2 |     994 |       0 |   0.0 |      17 |       0 |   0.0
     Bailey |       0 |     521 | 100.0 |       0 |      34 | 100.0
            +---------+---------+-------+---------+---------+-------
